 Dungeon Crawl Stone Soup version 0.27-a0-343-gfcad680f63 (webtiles) character file.

Game seed: 1944974941678654352

21 inc the Stinger (level 2, -2/11 HPs)
             Began as a Felid Venom Mage on Feb 14, 2021.
             Slain by a jackal (3 damage)
             ... on level 1 of the Dungeon.
             The game lasted 00:00:44 (834 turns).

inc the Stinger (Felid Venom Mage)                   Turns: 834, Time: 00:00:44

Health: -2/11      AC:  1    Str:  4    XL:     2   Next: 62%
Magic:  4/6        EV: 18    Int: 16    God:
Gold:   33         SH:  0    Dex: 16    Spells: 4/5 levels left
                                        Lives:  0   Deaths: 0

rFire    . . .     SeeInvis +   (weapon unavailable)
rCold    . . .     Faith    .   (shield unavailable)
rNeg     . . .     Spirit   .   (armour unavailable)
rPois    .         Reflect  .   (helmet unavailable)
rElec    .         Harm     .   (cloak unavailable)
rCorr    .         Rampage  .   (gloves unavailable)
Will     .....                  (boots unavailable)
Stlth    +++.......             (no amulet)
HPRegen  0.03/turn              (no ring)
MPRegen  0.10/turn              (no ring)

@: quick
A: very small, no armour, no weapons or thrown items, stealth, claws 1, fangs 3,
see invisible, speed 1, shaggy fur 1, sharp paws
a: no special abilities


You were on level 1 of the Dungeon.
You visited 1 branch of the dungeon, and saw 1 of its levels.

You collected 33 gold pieces.

You aren't carrying anything.


   Skills:
 - Level 2.6 Dodging
 - Level 2.6 Stealth
 - Level 2.0 Spellcasting
 - Level 1.1 Transmutations
 + Level 3.6 Poison Magic


You had 4 spell levels left.
You knew the following spells:

 Your Spells              Type           Power        Failure   Level
a - Sting                 Tmut/Pois      36%          8%          1

Your spell library contained the following spells:

 Spells                   Type           Power        Failure   Level
 Poisonous Vapours        Pois/Air       14%          16%         2
 Ignite Poison            Fire/Tmut/Pois 6%           32%         3
 Mephitic Cloud           Conj/Pois/Air  5%           36%         3
 Olgreb's Toxic Radiance  Pois           13%          43%         4


Dungeon Overview and Level Annotations

Branches:
Dungeon (1/15)

Altars:


Innate Abilities, Weirdness & Mutations

You cannot wear armour.
You are incapable of wielding weapons or throwing items.
Your paws allow you to move quietly. (Stealth)
You have sharp claws.
You have razor-sharp teeth.
You have supernaturally acute eyesight. (SInv)
You cover ground quickly.
You are covered in fur. (AC +1)
Your sharp claws are effective at attacking unaware monsters.


Message History

You see here a bat corpse.
You open the door.
There is an open door here.
There is an open door here.
You open the door. 4 jackals come into view.
The jackal barks!
There are monsters nearby!
There are monsters nearby!
The sting misses the jackal.
The jackal barks! x2
The jackal misses you.
There is an open door here.
The jackal misses you.
The sting hits the jackal but does no damage.
The jackal is poisoned.
The jackal misses you. The jackal bites you.
The sting hits the jackal.
The jackal looks even sicker.
The jackal is moderately wounded.
The jackal bites you. The jackal misses you.
You kill the jackal!
The jackal completely misses you.
The jackal bites you but does no damage.
The jackal misses you. The jackal misses you. The jackal barely misses you.
The jackal completely misses you. x2
The jackal barely misses you. The jackal closely misses you.
The sting misses the jackal. x2; The jackal misses you. x2
The jackal bites you.
The sting hits the jackal but does no damage.
The jackal is poisoned.
The jackal bites you. The jackal closely misses you. The jackal bites you.
* * * LOW HITPOINT WARNING * * *
Unknown command.
The jackal misses you. The jackal closely misses you. The jackal bites you.
* * * LOW HITPOINT WARNING * * *
You kill the jackal!
The jackal bites you.
You die...

##....##.##...#.........# #
......h...'...#.........#
##....#####...#.........# . #...
#†..'.............# .####.#
#.###..........#### #### ...##.#
#.###..........# #... ...##.#
#..............# #... ...##.#
####.#+#.......# #... ...##.# ###
#.#.@h......# #... ...##.# #.#
#.#.#h......# #...
...##.###.###.#.#.......# #######
................+.......# #.....#
.####.###.###.#.#.......###.###..
......# #.# #.#.###..............
.###### #.# #.#.###.#######......
.########.###.#...........#.#....
............(.#####.#####.#......


You could see 2 jackals.

Vanquished Creatures
  A gnoll (D:1)
  5 bats (D:1)
  A goblin (D:1)
  2 hobgoblins (D:1)
  2 jackals (D:1)
  A frilled lizard (D:1)
12 creatures vanquished.

Notes
Turn   | Place    | Note
-------+----------+-------------------------------------------
     0 | D:1      | inc the Felid Venom Mage began the quest for the Orb.
     0 | D:1      | Reached XP level 1. HP: 7/7 MP: 4/4
   177 | D:1      | Reached skill level 3 in Poison Magic
   460 | D:1      | Reached XP level 2. HP: 11/11 MP: 3/6
   834 | D:1      | Slain by a jackal

Illustrated notes

Levels and vault maps discovered:
D:1:      dpeg_arrival_round_b, layout_basic

Skill      XL: |  1 |
---------------+----+-----
Poison Magic   | 3 |  3.6
Dodging        | |  2.6
Stealth        | |  2.6
Spellcasting   | |  2.0
Transmutations | |  1.1

Action                   || total
-------------------------++-------
 Cast: Sting             ||    25
Armor: Skin              ||     2
Dodge: Dodged            ||    26

Table legend: (Time is in decaauts)
 A = Elapsed time spent in this place.
 B = Non-inter-level travel time spent in this place.
 C = Inter-level travel time spent in this place.
 D = Time resting spent in this place.
 E = Time spent auto-exploring this place.
 F = Levels seen in this place.
 G = Mean time per level.
                   A        B        C        D        E       F      G
               +--------+--------+--------+--------+--------+-----+--------+
         Total |    726 |    726 |      0 |     44 |    580 |   1 |  726.0 |
       Dungeon |    726 |    726 |      0 |     44 |    580 |   1 |  726.0 |
               +--------+--------+--------+--------+--------+-----+--------+

Top non-repeatable levels by time:
     D:1: 726 daAuts
